 Dungeon Crawl Stone Soup version 0.28.0-47-ge53b351184 (webtiles) character file.

Game seed: 13709757229714136539

8687 101zpm the Thaumaturge (level 11, -4/67 HPs)
             Began as a Djinni Fire Elementalist on May 8, 2022.
             Killed from afar by a gargoyle (14 damage)
             ... with a stone arrow
             ... on level 11 of the Dungeon.
             The game lasted 00:22:33 (12463 turns).

101zpm the Thaumaturge (Djinni Fire Elementalist)  Turns: 12463, Time: 00:22:34

Health: -4/67      AC:  4    Str:  7    XL:     11   Next: 60%
Gold:   615        EV: 13    Int: 21    God:
                   SH:  0    Dex: 14

rFire   + + .      SeeInvis .   (no weapon)
rCold   x . .      Faith    .   (no shield)
rNeg    + . .      Spirit   .   a - +0 robe
rPois   ∞          Reflect  .   (no helmet)
rElec   .          Harm     .   L - +0 cloak
rCorr   .          Rampage  .   q - +0 pair of gloves
Will    +....                   (boots unavailable)
Stlth   ++........              w - amulet of regeneration
HPRegen 1.01/turn               x - ring of positive energy
MPRegen 0.00/turn               (no ring)

@: flying
A: sickness immunity, fire resistance 2, cold vulnerability 1, float, innate
caster, HP casting, extra vitality 1
a: no special abilities


You were on level 11 of the Dungeon.
You visited 1 branch of the dungeon, and saw 11 of its levels.

You collected 615 gold pieces.

Inventory:

Armour
 a - a +0 robe (worn)
 q - a +0 pair of gloves (worn)
 L - a +0 cloak (worn)
Jewellery
 w - an amulet of regeneration (around neck)
 x - a ring of positive energy (left hand)
 y - an amulet of faith
 D - a ring of ice
Wands
 A - a wand of polymorph (9)
 B - a wand of acid (20)
 F - a wand of flame (11)
 G - a wand of paralysis (2)
Scrolls
 b - a scroll of immolation {unknown}
 e - 3 scrolls of noise {unknown}
 f - 9 scrolls of identify {unknown}
 g - a scroll of amnesia {unknown}
 h - 14 scrolls of teleportation {unknown}
 j - 2 scrolls of vulnerability {unknown}
 m - a scroll of magic mapping {unknown}
 o - a scroll of holy word {unknown}
 r - a scroll of brand weapon {unknown}
 t - a scroll of blinking {unknown}
 C - a scroll of fear {unknown}
 H - 2 scrolls of enchant weapon {unknown}
 I - a scroll of fog {unknown}
 J - a scroll of summoning {unknown}
Potions
 c - a potion of experience {unknown}
 d - a potion of berserk rage {unknown}
 i - 5 potions of mutation {unknown}
 k - 2 potions of degeneration {unknown}
 l - 3 potions of might {unknown}
 n - 3 potions of flight {unknown}
 p - 3 potions of curing {unknown}
 s - 2 potions of heal wounds {unknown}
 u - 4 potions of haste {unknown}
 v - 2 potions of cancellation {unknown}
 z - a potion of brilliance {unknown}
 E - 4 potions of attraction {unknown}
 K - a potion of ambrosia {unknown}


   Skills:
 + Level 1.0 Fighting
 + Level 3.4 Dodging
 + Level 3.6 Stealth
 + Level 0.2 Unarmed Combat
 + Level 13.0 Spellcasting


You had 9 spell levels left.
You knew the following spells:

 Your Spells              Type           Power      Damage    Failure   Level
a - Foxfire               Conj/Fire      100%       2x1d9     1%          1
b - Scorch                Fire           100%       2d10      1%          2
c - Conjure Flame         Conj/Fire      62%        6-21      1%          3
d - Inner Flame           Hex/Fire       62%        N/A       1%          3
e - Flame Wave            Conj/Fire      62%        2d12      1%          4
f - Pain                  Necr           100%       1d9       1%          1
g - Static Discharge      Conj/Air       62%        N/A       1%          2
h - Mephitic Cloud        Conj/Pois/Air  62%        N/A       1%          3
i - Hailstorm             Conj/Ice       62%        3d13      1%          4
j - Petrify               Tmut/Erth      62%        N/A       1%          4
Your spell library was empty.

Dungeon Overview and Level Annotations

Branches:
Dungeon (11/15)            Temple (0/1) D:7            Lair (0/6) D:8
    Orc: D:9-12

Altars:
Cheibriados
Dithmenos
Elyvilon
Hepliaklqana
Vehumet
Xom

Shops:
D:3 *   D:6 =

Annotations:
D:3 3 runed translucent doors, Artemis2's ghost, amateur GrEE; Exodus22XD's ghost, amateur DsGl


Innate Abilities, Weirdness & Mutations

You are immune to sickness and miasma.
You are immune to poison.
Your flesh is very heat resistant. (rF++)
You are vulnerable to cold. (rC-)
You float through the air rather than walking.
You learn spells naturally, not from books.
Your magical power is your life essence.
You have superior vitality. (+4 MHP)


Message History

Casting: Foxfire (safe; 1% risk of failure)
Confirm with . or Enter, or press ? or * to list all spells.
Aiming: Inner Flame (safe; 1% risk of failure)
Press: ? - help, Dir - move target, f - gargoyle
Aim: a gargoyle, wielding a +0 morningstar (ally target, chance to affect: 88%)
The gargoyle is filled with an inner flame.
You conjure some foxfire!
The foxfire hits the gargoyle but does no damage.
You conjure some foxfire!
The foxfire hits the gargoyle but does no damage.
You conjure some foxfire!
The foxfire hits the gargoyle but does no damage. x2
The gargoyle hurls a stone arrow at you.
The stone arrow hits you!!
You conjure some foxfire!
The foxfire hits the gargoyle but does no damage.
Casting: Foxfire (safe; 1% risk of failure)
Confirm with . or Enter, or press ? or * to list all spells.
Flames lash the gargoyle but do no damage.
The foxfire hits the gargoyle but does no damage. x2
The gargoyle hurls a stone arrow at you.
The stone arrow hits you!
Casting: Scorch (safe; 1% risk of failure)
Confirm with . or Enter, or press ? or * to list all spells.
Flames lash the gargoyle but do no damage.
The gargoyle hurls a stone arrow at you.
The stone arrow hits you!
* * * LOW HITPOINT WARNING * * *
Casting: Scorch (safe; 1% risk of failure)
Confirm with . or Enter, or press ? or * to list all spells.
Flames lash the gargoyle but do no damage.
* * * LOW HITPOINT WARNING * * *
Okay, then.
Your foxfire dissipates!
The gargoyle hurls a stone arrow at you.
The stone arrow hits you!
* * * LOW HITPOINT WARNING * * *
The gargoyle hurls a stone arrow at you.
The stone arrow hits you!
You die...

#+####### ##. #.......#
#... ########.## ..#
#.........#########.#####
#........@....#.........<
#.........###............
#.........# ###..........
#.....9...# #..........
#.........# #..........
#.........# ###.#######
###.####### #..### #..#
##.<.# #.## ###.#


You could see a gargoyle (inner flame).

Vanquished Creatures
  Pikel (D:8)
  A komodo dragon (D:8)
  Maggie (D:7)
  2 trolls
  Sigmund (D:2)
  A wraith (D:9)
  5 wyverns
  A shadow (D:10)
  14 yaks
  2 basilisks (D:8)
  3 steam dragons
  2 acid dragons
  4 water moccasins
  A swamp drake (D:8)
  2 ice beasts
  3 orc warriors
  A black bear (D:7)
  4 centaurs
  3 lemures (D:8)
  2 kobold brigands
  3 bullfrogs
  2 gnoll sergeants (D:8)
  A wyvern zombie (D:8)
  2 scorpions
  A jelly (D:4)
  A howler monkey (D:10)
  A bullfrog zombie (D:6)
  A centaur zombie (D:4)
  3 hounds (D:6)
  A gnoll shaman (D:9)
  5 orc priests
  2 centaur skeletons
  Jessica (D:3)
  5 iguanas
  Natasha (thrice) (D:2)
  9 orc wizards
  A killer bee zombie (D:8)
  A howler monkey zombie (D:7)
  7 gnolls
  2 adders
  2 shadow imps (D:6)
  2 white imps
  A worm (D:7)
  2 dart slugs
  34 orcs
  8 ball pythons
  6 endoplasms
  5 giant cockroaches
  3 goblins
  9 hobgoblins
  4 quokkas
  6 bats
  3 frilled lizards
  16 kobolds
  3 rats
210 creatures vanquished.

Vanquished Creatures (collateral kills)
  A foxfire (D:7)
1 creature vanquished.

Vanquished Creatures (others)
  1057 foxfires
  2 plants (D:7)
1059 creatures vanquished.

Grand Total: 1270 creatures vanquished

Notes
Turn   | Place    | Note
-------+----------+-------------------------------------------
     0 | D:1      | 101zpm the Djinni Fire Elementalist began the quest for the
                  | Orb.
     0 | D:1      | Reached XP level 1. HP: 15/15 MP: 0/0
   379 | D:2      | Reached XP level 2. HP: 12/21 MP: 0/0
   605 | D:2      | Noticed Sigmund
   615 | D:2      | Killed Sigmund
   616 | D:2      | Reached skill level 4 in Spellcasting
   616 | D:2      | Reached XP level 3. HP: 6/25 MP: 0/0
   616 | D:2      | Learned a level 1 spell: Pain
   616 | D:2      | Reached XP level 4. HP: 7/31 MP: 0/0
   616 | D:2      | Reached XP level 5. HP: 8/35 MP: 0/0
   616 | D:2      | Learned a level 2 spell: Static Discharge
  1240 | D:2      | Noticed Natasha
  1245 | D:2      | Killed Natasha
  1246 | D:2      | Reached XP level 6. HP: 35/40 MP: 0/0
  1722 | D:2      | Noticed Natasha
  1725 | D:2      | Killed Natasha
  2809 | D:3      | Noticed Jessica
  2811 | D:3      | Killed Jessica
  2812 | D:3      | Reached skill level 5 in Spellcasting
  3002 | D:3      | Found Upruid's General Store.
  3177 | D:3      | Found a white marble altar of Elyvilon.
  3280 | D:3      | Found a runed translucent gate.
  3280 | D:3      | Found a runed translucent gate.
  3281 | D:3      | Found a runed translucent gate.
  3283 | D:3      | Noticed Exodus22XD's ghost (amateur DsGl)
  3283 | D:3      | Noticed Artemis2's ghost (amateur GrEE)
  3386 | D:4      | Noticed a water moccasin
  3389 | D:4      | Killed a water moccasin
  3390 | D:4      | Reached XP level 7. HP: 26/45 MP: 0/0
  3390 | D:4      | Learned a level 3 spell: Mephitic Cloud
  3868 | D:4      | Reached skill level 6 in Spellcasting
  4892 | D:5      | Entered Level 5 of the Dungeon
  5658 | D:5      | Noticed a troll
  5662 | D:5      | Killed a troll
  5663 | D:5      | Reached XP level 8. HP: 43/51 MP: 0/0
  5971 | D:1      | Found a faded altar of an unknown god.
  7003 | D:2      | Noticed Natasha
  7006 | D:2      | Killed Natasha
  7210 | D:6      | Reached skill level 7 in Spellcasting
  7802 | D:6      | Reached skill level 8 in Spellcasting
  7802 | D:6      | Reached XP level 9. HP: 6/56 MP: 0/0
  7802 | D:6      | Learned a level 4 spell: Hailstorm
  8535 | D:6      | Found Ablock's Jewellery Emporium.
  8914 | D:7      | Reached skill level 9 in Spellcasting
  8966 | D:7      | Reached XP level 10. HP: 59/61 MP: 0/0
  8978 | D:7      | Reached skill level 10 in Spellcasting
  9007 | D:7      | Found a snail-covered altar of Cheibriados.
  9134 | D:7      | Found a staircase to the Ecumenical Temple.
  9159 | D:7      | Reached skill level 1 in Fighting
  9372 | D:7      | Noticed Maggie
  9377 | D:7      | Killed Maggie
  9814 | D:8      | Found a shimmering altar of Xom.
  9879 | D:8      | Reached skill level 11 in Spellcasting
  9980 | D:8      | Noticed a two-headed ogre
 10596 | D:8      | Noticed a komodo dragon
 10597 | D:8      | Noticed Pikel
 10602 | D:8      | Killed a komodo dragon
 10605 | D:8      | Killed Pikel
 10606 | D:8      | Reached skill level 12 in Spellcasting
 10606 | D:8      | Reached XP level 11. HP: 47/67 MP: 0/0
 10606 | D:8      | Learned a level 4 spell: Petrify
 10648 | D:8      | Found a staircase to the Lair.
 11007 | D:9      | Found a hazy altar of Hepliaklqana.
 11007 | D:9      | Found a shadowy altar of Dithmenos.
 11819 | D:10     | Entered Level 10 of the Dungeon
 12260 | D:10     | Reached skill level 13 in Spellcasting
 12463 | D:11     | Killed from afar by a gargoyle

Illustrated notes

Levels and vault maps discovered:
D:1:      dpeg_arrival_windows_large_door, layout_basic, basic_ecumenical_altar,
          minmay_tree_intersection
D:2:      layout_basic, uniq_sigmund, uniq_natasha
D:3:      wander_river, layout_loops_corners, minitemple, serial_shops,
          nicolae_lakefront_shop, gammafunk_ghost_cemetery, uniq_jessica
D:4:      layout_basic
D:5:      layout_loops_cross, hangedman_abyss_or_decor_passed,
          kennysheep_cross_room
D:6:      layout_basic, serial_shops, shop
D:7:      layout_rooms, cheibrodos_worm_habitat,
          minmay_temple_entry_gardened_gates, uniq_maggie
D:8:      layout_loops_ring, mainiacjoe_overflow_surrounded_room,
          erik_lair_dragon, minmay_misc_feat_roman, minmay_bent, uniq_pikel
D:9:      layout_irregular_city, riverfiend_overflow_shadow_ancestor,
          grunt_ministairs_5
D:10:     layout_rooms, chequers_mini_garden
D:11:     layout_roguey, serial_undead, serial_undead_a, serial_undead_f,
          serial_undead_e, serial_undead_e, minmay_fractal_squares_gapless_5

Skill      XL: |  1  2  3  4  5  6  7  8  9 10 11 |
---------------+----------------------------------+-----
Dodging        | 3 |  3.4
Stealth        | 2 3 |  3.6
Spellcasting   | 4 5 6 8 9 12 13 | 13.0
Fighting       | 1 |  1.0
Unarmed Combat | |  0.2

Action                   |  1- 3 |  4- 6 |  7- 9 | 10-12 || total
-------------------------+-------+-------+-------+-------++-------
Melee: Unarmed           |    10 |       |       |       ||    10
 Cast: Foxfire           |    30 |   122 |   248 |   264 ||   664
       Scorch            |     2 |     7 |    27 |    40 ||    76
       Inner Flame       |       |     1 |    53 |    77 ||   131
       Mephitic Cloud    |       |       |     1 |       ||     1
Armor: Robe              |     6 |     1 |     3 |     3 ||    13
Dodge: Dodged            |     5 |     3 |    14 |    20 ||    42
